 Dungeon Crawl Stone Soup version 0.23-a0-359-g9beedce (webtiles) character file.

321 Firecrotchwizard the Cutter (level 6, -1/33 HPs)
             Began as a Vine Stalker Fighter on Oct 23, 2018.
             Was an Initiate of Makhleb.
             Succumbed to a worker ant's poison
             ... on level 3 of the Dungeon.
             The game lasted 00:07:58 (3022 turns).

Firecrotchwizard the Cutter (Vine Stalker Fighter)  Turns: 3022, Time: 00:07:59

Health: -1/33      AC:  8    Str: 20    XL:     6   Next: 46%
Magic:  7/7        EV:  5    Int:  8    God:    Makhleb [......]
Gold:   169        SH:  9    Dex: 14    Spells: 5/5 levels left

rFire    . . .     SeeInvis +   m - +0 dagger
rCold    . . .     Gourm    .   c - +0 shield
rNeg     . . .     Faith    .   t - +0 chain mail
rPois    .         Spirit   +   (no helmet)
rElec    .         Reflect  .   (no cloak)
rCorr    .         Harm     .   (no gloves)
MR       .....                  (no boots)
Stlth    ..........             (no amulet)
HPRegen  0.51/turn              i - ring of see invisible {sInv, !d}
MPRegen  0.10/turn              (no ring)

@: lethally poisoned (-1 -> -7)
A: fangs 2, regeneration 1, magic shield, antimagic bite, no potion heal 3, rot
immunity
a: Renounce Religion


You were on level 3 of the Dungeon.
You worshipped Makhleb.
Makhleb was noncommittal.
You were not hungry.

You visited 1 branch of the dungeon, and saw 4 of its levels.

You collected 169 gold pieces.

Inventory:

Hand Weapons
 a - a +0 rapier
 m - a +0 dagger (weapon)
   (You took it off a kobold on level 1 of the Dungeon)
Missiles
 p - 6 curare-tipped needles
Armour
 b - a +0 scale mail
 c - a +0 shield (worn)
 t - a +0 chain mail (worn)
   (You took it off a goblin on level 2 of the Dungeon)
Magical Staves
 o - an uncursed staff of poison {unknown}
   (You found it on level 2 of the Dungeon)
Jewellery
 i - a ring of see invisible (left hand) {sInv, !d}
   (You found it on level 1 of the Dungeon)
Wands
 u - a wand of flame (42)
   (You took it off Jessica on level 3 of the Dungeon)
Scrolls
 e - a scroll of fog {unknown}
 g - a scroll of enchant weapon {unknown}
 h - 6 scrolls of identify {unknown}
 j - 3 scrolls of remove curse {unknown}
 k - a scroll of noise {unknown}
 w - a scroll of enchant armour {unknown}
Potions
 d - a potion of might
 l - a potion of degeneration {unknown}
 q - a potion of curing {unknown}
 r - a potion of heal wounds {unknown}
 s - a potion of flight {unknown}
 v - a potion of mutation {unknown}
Comestibles
 f - 5 rations
 n - 3 chunks of flesh {@w0}


   Skills:
 + Level 4.2 Fighting
 * Level 5.0 Short Blades
 - Level 2.4 Armour
 - Level 2.6 Shields


You had 5 spell levels left.
You didn't know any spells.
Your spell library was empty.

Dungeon Overview and Level Annotations

Branches:
Dungeon (4/15)
 Temple: D:4-7

Altars:
Cheibriados
Elyvilon
Fedhas
Gozag
Hepliaklqana
Makhleb
Qazlal
Sif Muna


Innate Abilities, Weirdness & Mutations

You have extremely sharp teeth.
Your natural rate of healing is unusually fast.
When hurt, damage is shared between your health and your magic reserves.
Your bite disrupts and absorbs the magic of your enemies.
Potions cannot restore your health.
You are immune to rotting.


Message History

Found a deep blue altar of Sif Muna.
Done exploring.
Done exploring.
(D) Dungeon
Where to? (Enter - D:3, ? - help)
There is an escape hatch in the floor here.
There is a stone staircase leading down here.
You climb downwards. 4 orcs come into view.
The orc shouts! x4; You hear a howl!
You hear a bark!
Found 10 bolts.
Found a stone staircase leading down.
There is a stone staircase leading up here.
A worker ant comes into view.
The orc throws a tomahawk.
The tomahawk barely misses you.
The worker ant twitches its antennae in your direction.
A howler monkey comes into view.
The orc throws a tomahawk.
The tomahawk hits you but does no damage.
You hit the orc. Your bite misses the orc.
The howler monkey hoots and howls with incredible vigour!
Your shield and chain mail prevent you from hitting the orc.
Your bite misses the orc. You block the orc's attack.
You hit the orc.
You kill the orc!
Makhleb accepts your kill.
You hit the orc. Your bite misses the orc. The orc barely misses you.
Your shield and chain mail prevent you from hitting the orc.
The howler monkey barely misses you. The worker ant bites you.
You are poisoned.
The worker ant poisons you!
You take 3 damage, and have 30/33 hp.
You now have 6/7 mp.
You feel sick. You block the orc's attack.
You block the howler monkey's attack.
The worker ant bites you but does no damage.
You climb upwards.
You feel sick.
There is a stone staircase leading down here.
You take 1 damage, and have 29/33 hp.
You hit the orc.
You feel sick. The orc hits you with a +0 flail! You block the orc's attack.
The howler monkey hits you but does no damage.
The worker ant barely misses you.
You take 6 damage, and have 23/33 hp.
You now have 5/7 mp.
You closely miss the orc. You bite the orc. You drain its power.
You feel invigorated.
You feel sick. The orc hits you but does no damage. x2
The howler monkey hits you but does no damage.
The worker ant bites you but does no damage.
You take 1 damage, and have 22/33 hp.
Your shield prevents you from hitting the orc.
You bite the orc, but do no damage.
The howler monkey hits you but does no damage.
You block the worker ant's attack. The orc hits you but does no damage. x2
You hit the orc but do no damage. Your bite misses the orc.
The howler monkey hoots and howls with incredible vigour!
You block the worker ant's attack.
You closely miss the worker ant.
You feel sick. The orc hits you but does no damage. You block the orc's attack.
The howler monkey hits you. The worker ant bites you.
You are more poisoned.
The worker ant poisons you!
You take 5 damage, and have 18/33 hp.
You now have 5/7 mp.
You closely miss the worker ant.
You feel sick. You block the orc's attack. The howler monkey barely misses you.
You block the worker ant's attack. You block the orc's attack.
You take 1 damage, and have 17/33 hp.
You completely miss the worker ant.
You feel sick. The worker ant barely misses you.
You block the howler monkey's attack. The orc hits you but does no damage.
You take 1 damage, and have 16/33 hp.
You hit the worker ant but do no damage.
You feel sick. The orc hits you but does no damage. The howler monkey hits you.
The worker ant bites you but does no damage.
You take 2 damage, and have 14/33 hp.
You now have 4/7 mp.
You hit the worker ant.
You bite the worker ant, but do no damage.
The orc hits you with a +0 club. You block the howler monkey's attack.
The orc hits you with a +0 flail.
* * * LOW HITPOINT WARNING * * *
The worker ant bites you.
* * * LOW HITPOINT WARNING * * *
You take 11 damage, and have 3/33 hp.
MASSIVE DAMAGE!!
You now have 2/7 mp.
You hit the worker ant. Your bite misses the worker ant.
* * * LOW HITPOINT WARNING * * *
You feel sick. The orc hits you but does no damage.
The howler monkey barely misses you. The worker ant bites you.
* * * LOW HITPOINT WARNING * * *
You are more poisoned.
The worker ant poisons you!
You take 1 damage, and have 2/33 hp.
You now have 1/7 mp.
You hit the worker ant. You bite the worker ant. You drain its power.
You feel invigorated.
* * * LOW HITPOINT WARNING * * *
You feel sick. The orc hits you but does no damage.
The howler monkey hoots and howls with incredible vigour!
The orc hits you with a +0 club. The worker ant barely misses you.
You take 1 damage, and have 1/33 hp.
You regained 3 mp, and now have 4/7 mp.
Your chain mail prevents you from hitting the worker ant.
You bite the worker ant. You drain its power.
You feel invigorated.
You die...

<................#
#.............
......#########..#
#..(((.)...... ......#
##_## #..# ##(#####......
......##8...8##..####'###
#......
).....##.....##.........#
#......
......#8.....8#.........#
###.###
......##.....##.........#
#....
#.....##8...8##h........#
#..#.
#.....##.....##a@.......#
#...)
#....(#8.....8#.oo..<...#
#....
##.#####.....##.........#
#.... ...# #8...8
#.........# #.... ####
##>## #.........# ##...
#######...#####.# ###.#.
#......###...### #.....
######.##.....## #.##.#
#.#.......# #.##.#


You could see a howler monkey, a worker ant and 2 orcs.

Vanquished Creatures
  2 orc wizards (D:3)
  An orc priest (D:2)
  Jessica (D:3)
  Terence (D:2)
  3 gnolls (D:3)
  3 adders (D:2)
  3 worms
  3 dart slugs
  4 leopard geckos
  14 orcs
  8 bats
  6 giant cockroaches
  6 goblins
  9 hobgoblins
  6 jackals (D:3)
  10 kobolds
  A quokka (D:2)
  A ball python (D:3)
  A frilled lizard (D:2)
  9 rats
92 creatures vanquished.

Notes
Turn   | Place    | Note
-------+----------+-------------------------------------------
     0 | D:1      | Firecrotchwizard the Vine Stalker Fighter began the quest
                  | for the Orb.
     0 | D:1      | Reached XP level 1. HP: 11/11 MP: 2/2
    18 | D:1      | Reached skill level 2 in Short Blades
    81 | D:1      | Reached XP level 2. HP: 10/16 MP: 3/3
   432 | D:1      | Reached skill level 3 in Fighting
   511 | D:2      | Found an opulent altar of Gozag.
   529 | D:2      | Reached XP level 3. HP: 9/20 MP: 4/4
   889 | D:2      | Found a stormy altar of Qazlal.
   913 | D:2      | Reached skill level 3 in Short Blades
  1066 | D:2      | Gained mutation: Your natural rate of healing is unusually
                  | fast. [Vine Stalker growth]
  1066 | D:2      | Reached XP level 4. HP: 17/24 MP: 3/5
  1134 | D:2      | Noticed Terence
  1178 | D:2      | Killed Terence
  1269 | D:2      | Found an opulent altar of Gozag.
  1515 | D:2      | Found a blossoming altar of Fedhas.
  1833 | D:3      | Reached XP level 5. HP: 28/28 MP: 6/6
  1907 | D:2      | HP: 2/28 [orc priest/divine providence (8)]
  1909 | D:2      | Reached skill level 4 in Short Blades
  2026 | D:3      | Reached skill level 4 in Fighting
  2118 | D:3      | Found a snail-covered altar of Cheibriados.
  2140 | D:3      | Reached XP level 6. HP: 32/33 MP: 7/7
  2291 | D:3      | Noticed Jessica
  2306 | D:3      | Killed Jessica
  2348 | D:3      | Reached skill level 5 in Short Blades
  2499 | D:3      | Found a hazy altar of Hepliaklqana.
  2552 | D:3      | Found a white marble altar of Elyvilon.
  2663 | D:3      | Found a burning altar of Makhleb.
  2675 | D:3      | Became a worshipper of Makhleb the Destroyer
  2928 | D:3      | Found a deep blue altar of Sif Muna.
  3019 | D:3      | HP: 8/33 [orc/+0 flail (3)]
  3019 | D:3      | HP: 3/33 [worker ant (5)]
  3021 | D:3      | HP: 1/33 [poisoned by a worker ant]
  3022 | D:3      | Succumbed to a worker ant's poison

Vault maps used:
D:1:      minmay_arrival_shattered_statue
D:2:      fedhas_ov_isle_minmay, nicolae_overflow_crystal_walls,
          old_standard_altar, nicolae_gozag_cash_rules_everything_around_me,
          uniq_terence
D:3:      nicolae_overflow_hidden_temple, lemuel_doored_altar,
          lemuel_round_altar, lemuel_blue_sif_altar, first_ration,
          elyvilon_altar_5, uniq_jessica
D:4:      nicolae_ru_path_of_blood

Skill      XL: |  1  2  3  4  5  6 |
---------------+-------------------+-----
Short Blades   | 2 3 4 5 |  5.0
Fighting       | 3 4 |  4.2
Armour         | |  2.4
Shields        | |  2.6

Action                   |  1- 3 |  4- 6 || total
-------------------------+-------+-------++-------
Melee: Rapier            |    33 |       ||    33
       Bite              |    32 |   115 ||   147
       Dagger            |    83 |   324 ||   407
  Eat: Chunk             |     1 |     6 ||     7
Armor: Scale mail        |    40 |    23 ||    63
       Chain mail        |       |    97 ||    97
Dodge: Dodged            |    26 |    66 ||    92
Block: Shield            |    48 |   133 ||   181

Table legend:
 A = Non-vault XP
 B = Vault XP
 C = Vault XP percentage of total XP
 D = Non-vault monster count
 E = Vault monster count
 F = Vault count percentage of total count
                 A         B        C        D         E       F
            +---------+---------+-------+---------+---------+-------
      Total |     386 |      73 |  15.9 |      90 |       2 |   2.2
            +---------+---------+-------+---------+---------+-------
        D:1 |      28 |       0 |   0.0 |      13 |       0 |   0.0
        D:2 |     144 |      36 |  20.0 |      34 |       1 |   2.9
        D:3 |     211 |      37 |  14.9 |      42 |       1 |   2.3
        D:4 |       3 |       0 |   0.0 |       1 |       0 |   0.0
            +---------+---------+-------+---------+---------+-------

Vault maps used:
D:1:      minmay_arrival_shattered_statue
D:2:      fedhas_ov_isle_minmay, nicolae_overflow_crystal_walls,
          old_standard_altar, nicolae_gozag_cash_rules_everything_around_me,
          uniq_terence
D:3:      nicolae_overflow_hidden_temple, lemuel_doored_altar,
          lemuel_round_altar, lemuel_blue_sif_altar, first_ration,
          elyvilon_altar_5, uniq_jessica
D:4:      nicolae_ru_path_of_blood

Table legend:
 A = Turns spent in this place as a percentage of turns spent in the entire game.
 B = Non-inter-level travel turns spent in this place as a percentage of non-inter-level travel turns spent in the entire game.
 C = Inter-level travel turns spent in this place as a percentage of turns spent in this place.
 D = Turns resting spent in this place as a percentage of non-inter-level travel turns spent in this place.
 E = Turns spent auto-exploring this place as a percentage of non-inter-level travel turns spent in this place.
 F = Non-inter-level travel turns spent in this place divided by the number of levels of this place that you've seen.
                   A       B       C       D       E      F
               +-------+-------+-------+-------+-------+----------------------
         Total | 100.0 | 100.0 |   5.2 |  16.8 |  55.8 | 716.2
       Dungeon | 100.0 | 100.0 |   5.2 |  16.8 |  55.8 | 716.2
               +-------+-------+-------+-------+-------+----------------------

Table legend:
 A = Kills in this place as a percentage of kills in entire the game.
 B = Kills by you in this place as a percentage of kills by you in the entire game.
 C = Kills by friends in this place as a percentage of kills by friends in the entire game.
 D = Other kills in this place as a percentage of other kills in the entire game.
 E = Experience gained in this place as a percentage of experience gained in the entire game.
 F = Experience gained in this place divided by the number of levels of this place that you have seen.
                   A       B       C       D       E      F
               +-------+-------+-------+-------+-------+----------------------
         Total | 100.0 | 100.0 |   N/A |   N/A | 100.0 | 114.8
       Dungeon | 100.0 | 100.0 |   N/A |   N/A | 100.0 | 114.8
               +-------+-------+-------+-------+-------+----------------------
